 Dungeon Crawl Stone Soup version 0.18-a0-5-gf1fb587 (webtiles) character file.

33888 glosham the Martial Artist (level 13, 0/105 HPs)
             Began as a Demigod Monk on Oct 29, 2015.
             Slain by a spriggan rider
             ... wielding a cursed +0 spear
              (13 damage)
             ... on level 2 of the Lair of Beasts on Oct 31, 2015.
             The game lasted 05:32:35 (15958 turns).

glosham the Martial Artist (Demigod Monk)          Turns: 15958, Time: 05:32:35

Health: 0/105      AC: 16    Str: 14    XL:     13   Next: 10%
Magic:  22/24      EV: 15    Int: 22    God:
Gold:   2171       SH:  0    Dex: 18    Spells: 6 memorised, 7 levels left

rFire  + . .     SeeInvis .     a - +11 battleaxe of Armageddon {chop, rC+}
rCold  + + .     Clarity  .     X - +2 scale mail {MR+}
rNeg   . . .     SustAt   +     (no shield)
rPois  .         Gourm    .     U - +1 helmet
rElec  .         Spirit   .     Y - +0 cloak
rCorr  .         Warding  .     V - +2 pair of gloves {archery}
rMut   .         Stasis   .     W - +0 pair of boots
MR     ++...                    (no amulet)
Stlth  +.........               B - ring of protection from cold
                                A - ring of protection from fire

@: very resistant to hostile enchantments, very unstealthy
A: high mp 1, sustain attributes
a: no special abilities


You were on level 2 of the Lair of Beasts.
You were not hungry.

You visited 3 branches of the dungeon, and saw 16 of its levels.
You also visited: Bailey.

You collected 2171 gold pieces.

Inventory:

Hand Weapons
 a - the +11 battleaxe of Armageddon (weapon) {chop, rC+}
   (You took it off an orc warrior on level 3 of the Orcish Mines)

   It inflicts extra damage upon your enemies.
   It protects you from cold.
 b - the +6 hunting sling "Banisher" {flame, +Fly Int+5}
   (You found it on level 5 of the Dungeon)

   It causes projectiles fired from it to burn those they strike, causing extra
   injury to most foes and up to half again as much damage against particularly
   susceptible opponents.
   It affects your intelligence (+5).
   It lets you fly.
 c - a +0 hand axe of flaming
 d - the +6 halberd "Eviscerator" {freeze, Int+2}
   (You took it off an orc on level 3 of the Orcish Mines)

   It has been specially enchanted to freeze those struck by it, causing extra
   injury to most foes and up to half again as much damage against particularly
   susceptible opponents.
   It can also slow down cold-blooded creatures.
   It affects your intelligence (+2).
 e - a +2 scythe of protection
 f - the +7 dagger of Wrath {antimagic, +Inv}
   (You found it in a bailey)

   It disrupts the flow of magical energy around spellcasters and certain
   magical creatures (including the wielder).
   It lets you turn invisible.
Missiles
 o - 205 stones (quivered)
 p - 15 sling bullets
 q - 4 throwing nets
Armour
 R - a +2 chain mail of poison resistance
 S - a +2 robe of cold resistance
 T - a +2 leather armour of fire resistance
 U - a +1 helmet (worn)
 V - a +2 pair of gloves of archery (worn)
 W - a +0 pair of boots (worn)
 X - a +2 scale mail of magic resistance (worn)
 Y - a +0 cloak (worn)
Jewellery
 A - a ring of protection from fire (left hand)
 B - a ring of protection from cold (right hand)
 C - an uncursed ring of ice
Wands
 g - a wand of teleportation (4)
 h - a wand of digging (6)
 i - a wand of invisibility (1)
 j - a wand of lightning (5)
 E - a wand of polymorph (11)
Scrolls
 s - a scroll of magic mapping
 t - 10 scrolls of teleportation
 u - a scroll of silence {!r}
 v - 3 scrolls of fog
 w - a scroll of recharging
 x - 2 scrolls of blinking
 M - 5 scrolls of remove curse
Potions
 k - 3 potions of lignification
 l - 3 potions of brilliance
 n - a potion of mutation {unknown}
 r - a potion of flight {unknown}
 D - a potion of might
 F - 7 potions of curing
 H - a potion of magic {unknown}
 I - a potion of berserk rage {unknown}
Comestibles
 z - 12 bread rations


   Skills:
 - Level 7.1 Fighting
 * Level 1.2 Axes
 - Level 3.4 Armour
 - Level 10.2 Dodging
 - Level 1.7 Stealth
   Level 4.9 Shields
 - Level 13.1 Unarmed Combat
 - Level 5.0 Spellcasting
 - Level 2.0 Charms
 - Level 8.6 Translocations


You had 7 spell levels left.
You knew the following spells:

 Your Spells              Type           Power        Failure   Level  Hunger
a - Apportation           Tloc           #####.....   1%          1    None
b - Blink                 Tloc           N/A          1%          2    None
g - Passage of Golubria   Tloc           N/A          14%         4    ####...
p - Portal Projectile     Tloc           #####.       4%          3    ##.....
s - Shroud of Golubria    Chrm/Tloc      ####......   10%         2    None
t - Teleport Other        Tloc           #####...     4%          3    ##.....


Dungeon Overview and Level Annotations

Branches:
Dungeon (11/15)            Temple (0/1) D:7            Lair (2/8) D:10
    Orc (3/4) D:10            Elf (0/3) Orc:3

Shops:
D:7 }   D:9 %   Orc:1 [

Annotations:
D:10 chonchonts's ghost, novice GrFi


Innate Abilities, Weirdness & Mutations

You have an increased reservoir of magic (+10% MP).
Your attributes are resistant to harm.


Message History

The spriggan rider hits you with a spear.
You hit the spriggan rider.
The spriggan rider is moderately wounded.
The spriggan rider hits you with a spear.
The spriggan rider hits you but does no damage.
You miss the spriggan rider.
The spriggan rider is moderately wounded.
The spriggan rider hits you with a spear!
You barely miss the spriggan rider.
The spriggan rider is moderately wounded.
The spriggan rider hits you with a spear!
The spriggan rider barely misses you.
You barely miss the spriggan rider.
The spriggan rider is moderately wounded.
The spriggan rider barely misses you. The spriggan rider misses you.
You miss the spriggan rider.
The spriggan rider is moderately wounded.
The spriggan rider hits you with a spear!
* * * LOW HITPOINT WARNING * * *
You barely miss the spriggan rider.
The spriggan rider is moderately wounded.
The spriggan rider hits you with a spear.
* * * LOW HITPOINT WARNING * * *
The spriggan rider hits you with a spear!
* * * LOW HITPOINT WARNING * * *
Drink which item? (? for menu, Esc to quit)
Okay, then.
Casting: Passage of Golubria
Confirm with . or Enter, or press ? or * to list all spells.
Space distorts slightly along a thin shroud covering your body.
Your shroud bends the spriggan rider's attack away.
You miss the spriggan rider.
The spriggan rider is moderately wounded.
The spriggan rider hits you with a spear.
* * * LOW HITPOINT WARNING * * *
Your shroud falls apart!
You closely miss the spriggan rider.
The spriggan rider is moderately wounded.
The spriggan rider hits you with a spear!
You die...

..........................#...###
.........................#...##
...P##.P..P..............P..##
#....##..................P..#
#....##...............###..##
......................##..##
≈≈.#......P....#......##.##
≈≈..............i.##.#...#
≈≈..............@..P.P..##
≈≈....##.....#.......<..#
≈≈≈#..##...#.......######
≈≈..#..##...........# ###
≈≈≈.#.####.P....#..P####.##
≈≈....# ##......#.......#.#
......###.>....#####.#...##
......##.......# #.#....#
......#........# ###....#######


You could see a spriggan rider.

Vanquished Creatures
  Fannar (D:10)
  3 hydras
  17 hill giants
  Pikel (D:8)
  4 orc knights
  A stone giant zombie (Orc:3)
  3 cyclopes (Orc:3)
  A black mamba (Lair:2)
  4 spiny frogs
  A gargoyle (D:11)
  3 komodo dragons
  Prince Ribbit (D:7)
  A trapdoor spider zombie (D:8)
  A two-headed ogre (Orc:3)
  4 slime creatures (D:10)
  5 blink frogs (Lair:2)
  A human (D:10)
  Sigmund (D:4)
  A deep elf mage (D:9)
  7 yaks
  2 hungry ghosts (D:8)
  3 hippogriffs
  A wraith (D:11)
  3 wyverns
  7 water moccasins
  4 wargs (Orc:3)
  4 wolves (Orc:3)
  4 sky beasts
  2 porcupines (Lair:2)
  A swamp drake (D:10)
  2 black bears
  4 ice beasts
  23 orc warriors
  2 slaves (D:8)
  3 phantoms
  A wasp (D:8)
  13 ogres
  2 centaurs
  A crocodile (D:10)
  A big kobold (D:5)
  7 giant frogs
  A wyvern skeleton (D:8)
  A gnoll sergeant (D:6)
  A water moccasin zombie (D:10)
  6 scorpions
  5 wights (D:9)
  15 killer bees
  3 jellies (D:11)
  2 electric eels
  3 centaur zombies
  19 orc priests
  6 crimson imps
  A quasit (D:8)
  9 hounds
  Ijyb (D:3)
  2 centaur skeletons
  3 giant frog zombies
  5 worker ants
  Jessica (D:2)
  15 orc wizards
  Terence (D:2)
  2 giant frog skeletons
  Natasha (twice) (D:2)
  5 iguanas
  A hound skeleton (D:6)
  A worker ant zombie (D:11)
  18 adders
  11 gnolls
  21 river rats
  3 shadow imps
  2 oozes
  3 adder skeletons
  6 worms
  6 giant geckos
  122 orcs
  A ball python (D:4)
  6 giant cockroaches
  11 hobgoblins
  10 jackals
  3 bats
  5 giant newts
  9 goblins
  5 kobolds
  8 quokkas
  9 rats
  A plant (Orc:3)
522 creatures vanquished.

Vanquished Creatures (others)
  An orc warrior (Bailey)
  A plant (D:9)
2 creatures vanquished.

Grand Total: 524 creatures vanquished

Notes
Turn   | Place    | Note
--------------------------------------------------------------
     0 | D:1      | glosham the Demigod Monk began the quest for the Orb.
     0 | D:1      | Reached XP level 1. HP: 18/18 MP: 3/3
   175 | D:1      | Reached skill level 4 in Unarmed Combat
   185 | D:1      | Reached XP level 2. HP: 18/25 MP: 4/4
   313 | D:2      | Noticed Terence
   332 | D:2      | Killed Terence
   332 | D:2      | Reached XP level 3. HP: 8/30 MP: 5/5
   714 | D:4      | Reached skill level 5 in Unarmed Combat
   768 | D:2      | Found a faded altar to an unknown god.
   868 | D:4      | Reached skill level 1 in Armour
   868 | D:4      | Reached XP level 4. HP: 25/37 MP: 6/6
   891 | D:3      | Reached skill level 1 in Shields
   929 | D:5      | Entered Level 5 of the Dungeon
   951 | D:5      | Reached XP level 5. HP: 28/42 MP: 7/7
  1066 | D:6      | Noticed an ogre
  1080 | D:6      | Killed an ogre
  1080 | D:6      | Reached skill level 2 in Shields
  1080 | D:6      | Reached skill level 6 in Unarmed Combat
  1082 | D:6      | HP: 4/42 [adder (4)]
  1454 | D:2      | Noticed Jessica
  1479 | D:2      | Killed Jessica
  1479 | D:2      | Reached XP level 6. HP: 47/50 MP: 8/8
  1616 | D:2      | Found a glowing golden altar of the Shining One.
  1793 | D:2      | Noticed Natasha
  1798 | D:2      | Killed Natasha
  1844 | D:3      | Reached skill level 3 in Fighting
  1885 | D:3      | Noticed Ijyb
  1908 | D:3      | Killed Ijyb
  2005 | D:3      | HP: 5/51 [orc/flail (7)]
  2097 | D:3      | Found an iron altar of Okawaru.
  2367 | D:4      | Found a deep blue altar of Sif Muna.
  2515 | D:5      | Found a blossoming altar of Fedhas.
  2515 | D:5      | Found a glowing golden altar of the Shining One.
  2640 | D:5      | Noticed an ogre
  2647 | D:5      | Killed an ogre
  2647 | D:5      | Reached skill level 4 in Fighting
  2647 | D:5      | Reached skill level 7 in Unarmed Combat
  2647 | D:5      | Reached XP level 7. HP: 48/59 MP: 9/9
  2678 | D:4      | Noticed an ogre
  2696 | D:4      | Killed an ogre
  2961 | D:4      | Reached skill level 2 in Armour
  3224 | D:4      | Noticed Sigmund
  3244 | D:4      | Killed Sigmund
  3244 | D:4      | Reached skill level 8 in Unarmed Combat
  3352 | D:4      | Reached XP level 8. HP: 58/66 MP: 10/10
  3379 | D:5      | Noticed a big kobold
  3401 | D:5      | Killed a big kobold
  3401 | D:5      | Reached skill level 3 in Armour
  3852 | D:5      | Got an ancient hunting sling
  3854 | D:5      | Identified the +6 hunting sling "Banisher" {flame, +Fly Int+5} (You found it on level 5 of the Dungeon)
  4114 | D:2      | Noticed Natasha
  4124 | D:2      | Killed Natasha
  4407 | D:6      | Reached skill level 9 in Unarmed Combat
  4812 | D:7      | Reached skill level 3 in Shields
  5031 | D:7      | Noticed Prince Ribbit
  5079 | D:7      | Found Zocived's Gadget Boutique.
  5166 | D:7      | Found a white marble altar of Elyvilon.
  5241 | D:7      | Found a staircase to the Ecumenical Temple.
  5310 | D:7      | Found an opulent altar of Gozag.
  5310 | D:7      | Found a sparkling altar of Nemelex Xobeh.
  5383 | D:7      | Killed Prince Ribbit
  5383 | D:7      | Reached skill level 10 in Unarmed Combat
  5455 | D:8      | Reached XP level 9. HP: 39/71 MP: 11/11
  5486 | D:8      | Identified a scroll of acquirement
  5504 | D:8      | Learned a level 1 spell: Apportation
  5507 | D:8      | Learned a level 2 spell: Blink
  5510 | D:8      | Learned a level 2 spell: Shroud of Golubria
  5613 | D:9      | Reached skill level 1 in Translocations
  5719 | D:9      | Reached skill level 1 in Spellcasting
  5722 | D:9      | Reached skill level 2 in Translocations
  5736 | D:9      | Found Duaps's Food Boutique.
  5815 | D:7      | Learned a level 4 spell: Passage of Golubria
  5852 | D:9      | Reached skill level 3 in Translocations
  5953 | D:9      | Upgraded the game from 0.17-a0-2231-gd80ca38 to 0.18-a0-1-gfac8111
  6097 | D:8      | Reached skill level 3 in Dodging
  6112 | D:8      | Reached skill level 2 in Spellcasting
  6148 | D:8      | Reached skill level 4 in Translocations
  6245 | D:8      | Found a glowing silver altar of Zin.
  6307 | D:8      | Noticed Pikel
  6343 | D:8      | Killed Pikel
  6343 | D:8      | Reached skill level 4 in Dodging
  6551 | D:9      | Reached XP level 10. HP: 80/80 MP: 17/17
  6596 | D:9      | Reached skill level 5 in Translocations
  6634 | D:9      | Found a shimmering altar of Xom.
  6735 | D:9      | Reached skill level 5 in Dodging
  6778 | D:9      | Found a snail-covered altar of Cheibriados.
  6778 | D:9      | Found a radiant altar of Vehumet.
  6778 | D:9      | Found a shattered altar of Ashenzari.
  6870 | D:9      | Found a shadowy altar of Dithmenos.
  7108 | D:9      | Learned a level 3 spell: Portal Projectile
  7109 | D:10     | Entered Level 10 of the Dungeon
  7151 | D:10     | Found a staircase to the Orcish Mines.
  7207 | D:10     | Reached skill level 4 in Shields
  7307 | D:10     | Found a staircase to the Lair.
  7483 | D:10     | Reached skill level 5 in Fighting
  7728 | D:10     | Noticed Fannar
  7728 | D:10     | Noticed chonchonts's ghost (novice GrFi)
  7869 | D:10     | Reached skill level 6 in Translocations
  8444 | D:10     | Killed Fannar
  8444 | D:10     | Reached skill level 6 in Dodging
  8660 | Lair:1   | Entered Level 1 of the Lair of Beasts
  8751 | Lair:2   | Reached XP level 11. HP: 84/89 MP: 18/18
  8836 | Lair:2   | Reached skill level 11 in Unarmed Combat
  8862 | Lair:2   | Reached skill level 6 in Fighting
  9008 | D:10     | Learned a level 3 spell: Teleport Other
  9260 | Lair:2   | Noticed a five-headed hydra
  9272 | Lair:2   | Killed a five-headed hydra
  9387 | Lair:2   | Reached skill level 7 in Translocations
  9581 | Lair:2   | Noticed a six-headed hydra
  9592 | Lair:2   | Killed a six-headed hydra
  9592 | Lair:2   | Reached skill level 7 in Dodging
  9849 | Lair:1   | Reached skill level 7 in Fighting
 10183 | D:11     | Upgraded the game from 0.18-a0-1-gfac8111 to 0.18-a0-5-gf1fb587
 10642 | D:11     | Noticed a four-headed hydra
 10660 | D:11     | Killed a four-headed hydra
 10708 | D:11     | Reached skill level 8 in Dodging
 11142 | D:11     | Reached skill level 8 in Translocations
 11243 | D:11     | Reached XP level 12. HP: 100/100 MP: 20/20
 11347 | D:10     | Reached skill level 3 in Spellcasting
 11361 | D:10     | Reached skill level 12 in Unarmed Combat
 11507 | Orc:1    | Entered Level 1 of the Orcish Mines
 11640 | Orc:1    | Found Ityth's Armour Boutique.
 12012 | Orc:1    | Found a flagged portal.
 12027 | Bailey   | Entered a bailey
 12071 | Bailey   | Got a slimy dagger
 12217 | Bailey   | Reached skill level 4 in Spellcasting
 12542 | Orc:2    | Reached skill level 9 in Dodging
 12608 | Orc:2    | Found a bloodstained altar of Trog.
 13296 | Orc:3    | Found a staircase to the Elven Halls.
 13511 | Orc:3    | Reached skill level 1 in Charms
 14099 | Orc:3    | Reached skill level 5 in Spellcasting
 14140 | Orc:3    | Reached skill level 2 in Charms
 14627 | Orc:3    | Reached skill level 13 in Unarmed Combat
 14704 | Orc:3    | Reached skill level 10 in Dodging
 14760 | Orc:3    | Reached XP level 13. HP: 89/105 MP: 16/24
 14936 | Orc:3    | Got a brightly glowing battleaxe {chop}
 14941 | Orc:3    | Got a polished halberd {freeze}
 15075 | Orc:3    | Identified the +11 battleaxe of Armageddon {chop, rC+} (You took it off an orc warrior on level 3 of the Orcish Mines)
 15076 | Orc:3    | Identified the +6 halberd "Eviscerator" {freeze, Int+2} (You took it off an orc on level 3 of the Orcish Mines)
 15078 | Orc:3    | Identified the +7 dagger of Wrath {antimagic, +Inv} (You found it in a bailey)
 15263 | Orc:3    | Noticed a frost giant
 15544 | D:10     | Reached skill level 1 in Axes
 15942 | Lair:2   | Noticed a spriggan rider
 15958 | Lair:2   | Slain by a spriggan rider

Vault maps used:
D:1:      lightli_arrival_chessboard, kennysheep_small_spiral
D:2:      kennysheep_six_static_rooms, ecumenical_altar_2, tso_altar,
          uniq_terence, uniq_natasha, uniq_jessica
D:3:      lemuel_coloured_pillars_altar, first_bread, roderic_malta_cross,
          hangedman_decor_growths, feat_on_display, uniq_iyjb
D:4:      lemuel_doored_altar, uniq_sigmund
D:5:      gammafunk_temple_overflow_statue, minmay_misc_feat_roman,
          lexackson_kobold_supper
D:6:      kennysheep_nondescript, minmay_misc_feat_rows
D:7:      grunt_temple_overflow_opulence, lemuel_round_altar, temple_pool_a,
          serial_shops, shop, uniq_prince_ribbit1
D:8:      overflow_temple_1_default, uniq_pikel
D:9:      lemuel_round_altar, marbit_many_paths,
          gammafunk_temple_overflow_forgotten, serial_shops, shop
D:10:     erik_lair_dragon, orc_0_dummy, grunt_pizzeria, uniq_fannar
Lair:1:   grunt_forest_large_clearings
Lair:2:   serial_bayou_lagoon_b, infiniplex_staircase_pool_2
Orc:1:    enter_bailey_3, serial_shops, shop
Orc:2:    basic_altar
Orc:3:    giant_chief_lemuel, nicolae_orc_pool_cavern
Bailey:   bailey_polearm_4, bailey

Action                   |  1- 3 |  4- 6 |  7- 9 | 10-12 | 13-15 || total
-------------------------+-------+-------+-------+-------+-------++-------
Melee: Unarmed           |   106 |   317 |   621 |   855 |       ||  1899
       Battleaxe         |       |       |       |       |    27 ||    27
 Fire: Hunting sling     |       |       |    18 |   620 |   104 ||   742
Throw: Stone             |       |       |       |     6 |       ||     6
 Cast: Blink             |       |       |       |   128 |     4 ||   132
       Portal Projectile |       |       |       |     1 |       ||     1
       Apportation       |       |       |       |    84 |       ||    84
       Shroud of Golubri |       |       |       |     8 |     2 ||    10
       Passage of Golubr |       |       |       |    11 |     5 ||    16
Evoke: Wand              |       |       |       |     7 |       ||     7
  Use: Scroll            |     5 |     8 |    10 |     8 |       ||    31
       Potion            |     1 |       |     1 |     7 |       ||     9
 Stab: Sleeping          |     1 |       |       |       |       ||     1
       Invisible         |       |       |       |     9 |       ||     9
  Eat: Chunk             |       |     6 |    17 |    32 |     2 ||    57
       Fruit             |       |       |     1 |       |     2 ||     3
       Beef jerky        |       |       |     4 |     1 |       ||     5
       Pizza             |       |       |     3 |     1 |       ||     4
       Meat ration       |       |       |     2 |       |       ||     2

Table legend:
 A = Turns spent in this place as a percentage of turns spent in the entire game.
 B = Non-inter-level travel turns spent in this place as a percentage of non-inter-level travel turns spent in the entire game.
 C = Inter-level travel turns spent in this place as a percentage of turns spent in this place.
 D = Turns resting spent in this place as a percentage of non-inter-level travel turns spent in this place.
 E = Turns spent auto-exploring this place as a percentage of non-inter-level travel turns spent in this place.
 F = Non-inter-level travel turns spent in this place divided by the number of levels of this place that you've seen.
                   A       B       C       D       E      F
               +-------+-------+-------+-------+-------+----------------------
         Total | 100.0 | 100.0 |   0.7 |   0.2 |   0.1 | 692.0
       Dungeon |  63.2 |  63.1 |   0.9 |   0.4 |   0.1 | 674.8
          Lair |   9.1 |   9.1 |   0.6 |   0.0 |   0.0 | 537.0
  Orcish Mines |  25.6 |  25.7 |   0.3 |   0.1 |   0.2 | 1009.3
        Bailey |   2.0 |   2.0 |   0.0 |   0.0 |   0.0 | 239.0
               +-------+-------+-------+-------+-------+----------------------

Table legend:
 A = Kills in this place as a percentage of kills in entire the game.
 B = Kills by you in this place as a percentage of kills by you in the entire game.
 C = Kills by friends in this place as a percentage of kills by friends in the entire game.
 D = Other kills in this place as a percentage of other kills in the entire game.
 E = Experience gained in this place as a percentage of experience gained in the entire game.
 F = Experience gained in this place divided by the number of levels of this place that you have seen.
                   A       B       C       D       E      F
               +-------+-------+-------+-------+-------+----------------------
         Total | 100.0 | 100.0 |  -nan |  -nan | 100.0 | 2847.8
       Dungeon |  53.8 |  53.8 |  -nan |  -nan |  40.8 | 1794.3
          Lair |   9.4 |   9.4 |  -nan |  -nan |  16.3 | 3937.0
  Orcish Mines |  33.9 |  33.9 |  -nan |  -nan |  37.2 | 6002.0
        Bailey |   2.9 |   2.9 |  -nan |  -nan |   5.8 | 2795.0
               +-------+-------+-------+-------+-------+----------------------

Vault maps used:
D:1:      lightli_arrival_chessboard, kennysheep_small_spiral
D:2:      kennysheep_six_static_rooms, ecumenical_altar_2, tso_altar,
          uniq_terence, uniq_natasha, uniq_jessica
D:3:      lemuel_coloured_pillars_altar, first_bread, roderic_malta_cross,
          hangedman_decor_growths, feat_on_display, uniq_iyjb
D:4:      lemuel_doored_altar, uniq_sigmund
D:5:      gammafunk_temple_overflow_statue, minmay_misc_feat_roman,
          lexackson_kobold_supper
D:6:      kennysheep_nondescript, minmay_misc_feat_rows
D:7:      grunt_temple_overflow_opulence, lemuel_round_altar, temple_pool_a,
          serial_shops, shop, uniq_prince_ribbit1
D:8:      overflow_temple_1_default, uniq_pikel
D:9:      lemuel_round_altar, marbit_many_paths,
          gammafunk_temple_overflow_forgotten, serial_shops, shop
D:10:     erik_lair_dragon, orc_0_dummy, grunt_pizzeria, uniq_fannar
Lair:1:   grunt_forest_large_clearings
Lair:2:   serial_bayou_lagoon_b, infiniplex_staircase_pool_2
Orc:1:    enter_bailey_3, serial_shops, shop
Orc:2:    basic_altar
Orc:3:    giant_chief_lemuel, nicolae_orc_pool_cavern
Bailey:   bailey_polearm_4, bailey
